 Dungeon Crawl Stone Soup version 0.32-a0-519-g08f29ac1c3 (webtiles) character file.

Game seed: 7638558932073002173

919 inmateoo the Trooper (level 8, -3/65 HPs)
             Began as a Coglin Necromancer on Feb 27, 2024.
             Was a Follower of Okawaru.
             Slain by an ice beast (5 damage)
             ... on level 6 of the Dungeon.
             The game lasted 00:04:49 (5035 turns).

inmateoo the Trooper (Coglin Necromancer)           Turns: 5035, Time: 00:04:49

Health: -3/65      AC: 11    Str: 10    XL:     8   Next: 9%
Magic:  10/10      EV: 11    Int: 17    God:    Okawaru [*.....]
Gold:   86         SH:  0    Dex: 16    Spells: 9/10 levels left

rFire   . . .        u - +0 war axe {Xiuying}
rCold   . . .        j - +3 trident {Ikko}
rNeg    . . .        q - +0 ring mail
rPois   .            g - +2 helmet {Int+3}
rElec   .            (no cloak)
rCorr   .            f - +1 pair of gloves
SInv    .            (no boots)
Will    .....        m - amulet of magic regeneration
Stlth   +            (ring unavailable)
HPRegen 0.30/turn    (ring unavailable)
MPRegen 0.52/turn

%: no passive effects
@: revved
A: off-hand wielding, slow wielding, warmup strikes, no rings
a: Renounce Religion, Heroism


You were on level 6 of the Dungeon.
You worshipped Okawaru.
Okawaru was aware of your devotion.
You visited 2 branches of the dungeon, and saw 7 of its levels.

You collected 260 gold pieces.
You spent 174 gold pieces at shops.

Inventory:

Hand Weapons
 j - a +3 trident (offhand) {Ikko}
 r - a +0 war axe
 u - a +0 war axe (weapon) {Xiuying}
Armour
 f - a +1 pair of gloves (worn)
 g - a +2 helmet of intelligence (worn)
 q - a +0 ring mail (worn)
Jewellery
 m - an amulet of magic regeneration (around neck)
Wands
 a - a wand of quicksilver (8)
Scrolls
 c - 2 scrolls of fog
 h - 2 scrolls of poison
 k - 2 scrolls of teleportation
 n - a scroll of amnesia
 p - a scroll of revelation
 s - 2 scrolls of enchant weapon
 t - a scroll of enchant armour {unknown}
 v - a scroll of identify
 w - 2 scrolls of immolation {unknown}
Potions
 b - 3 potions of magic
 d - 2 potions of haste
 e - 2 potions of curing {unknown}
 i - 3 potions of berserk rage {unknown}
 l - a potion of brilliance {unknown}
 o - a potion of ambrosia {unknown}


   Skills:
 + Level 6.3 Fighting
 * Level 2.3 Axes
 + Level 3.3 Armour
 + Level 3.9 Dodging
 - Level 1.5 Stealth
 - Level 1.7 Spellcasting
 - Level 4.0 Necromancy


You had 9 spell levels left.
You knew the following spells:

 Your Spells              Type           Power      Damage    Failure   Level
a - Necrotise             Necr           60%        1d7       10%         1

Your spell library contained the following spells:

 Spells                   Type           Power      Damage    Failure   Level
 Vampiric Draining        Necr           15%        2d7       28%         3
 Magic Dart               Conj           4%         1d3       43%         1
 Blink                    Tloc           2%         N/A       58%         2
 Inner Flame              Hex/Fire       1%         N/A       82%         3
 Curse of Agony           Necr           15%        N/A       95%         5
 Dimensional Bullseye     Hex/Tloc       0%         N/A       99%         4
 Iskenderun's Mystic Bla  Conj/Tloc      1%         2d3       99%         4
 Irradiate                Conj/Alch      0%         3d11      100%        5
 Ignition                 Fire           0%         3d3       100%        8
 Call Imp                 Summ           Unusable   N/A       N/A         2
 Animate Dead             Necr           Unusable   N/A       N/A         4
 Tukima's Dance           Hex            Unusable   N/A       N/A         3

Dungeon Overview and Level Annotations

Branches:
Dungeon (6/15)             Temple (1/1) D:5

Altars:
Ashenzari
Cheibriados
Dithmenos
Fedhas
Gozag
Hepliaklqana
Kikubaaqudgha
Makhleb
Okawaru
Qazlal
Ru
Sif Muna
Trog
Vehumet
Wu Jian
Xom
Zin
The Shining One

Shops:
D:2 :   D:5 [?(?


Innate Abilities, Weirdness & Mutations

You can wield a second weapon in your off-hand.
It takes a long time for you to wield or remove held weapons.
Your first few attacks do less damage.
Your grasper-arms cannot wear rings.


Message History

You hit the ice beast with your +3 trident.
The ice beast is severely wounded.
You hit the ice beast but do no damage. The ice beast closely misses you.
The gnoll sergeant hits you from afar with a +0 spear!
You hit the ice beast with your +0 war axe.
The ice beast is severely wounded.
You closely miss the ice beast with your +3 trident.
The ice beast barely misses you.
The gnoll sergeant hits you but does no damage.
You hit the ice beast but do no damage.
The ice beast is severely wounded.
You barely miss the ice beast with your +3 trident.
The ice beast hits you. The ice beast freezes you!
The gnoll sergeant hits you from afar with a +0 spear.
The ice beast hits you but does no damage.
The gnoll sergeant barely misses you.
You are too injured to fight recklessly!
You are too injured to fight recklessly!
The ice beast attacks as it pursues you!
The ice beast misses you.
You closely miss the ice beast with your +0 war axe.
The ice beast is severely wounded.
You hit the ice beast with your +3 trident.
The ice beast barely misses you.
You hit the ice beast but do no damage.
The ice beast is severely wounded.
You hit the ice beast but do no damage. The ice beast completely misses you.
You closely miss the ice beast with your +3 trident.
The ice beast is severely wounded.
You hit the ice beast but do no damage. The ice beast hits you.
* * * LOW HITPOINT WARNING * * *
The ice beast freezes you!
* * * LOW HITPOINT WARNING * * *
You barely miss the ice beast with your +0 war axe.
The ice beast is severely wounded.
You barely miss the ice beast with your +3 trident.
The ice beast hits you.
* * * LOW HITPOINT WARNING * * *
The ice beast freezes you.
You die...

#.# #.# ## #.# ..#
#.# ... #.# ###.#####
#.# ........# #.#
........##### #.#
.......ghY@.#### #.#
......)g###....####.#
........# ####.##...#
........# #.#..###
....##### #..>## ###
###.# #.# #.. ####


You could see a black bear, an ice beast, a gnoll sergeant and a gnoll.

Vanquished Creatures
  A black bear (D:5)
  A phantom (D:5)
  A bullfrog (D:6)
  A scorpion (D:5)
  3 bombardier beetles
  2 gnoll boudas
  3 hounds
  A jelly (D:6)
  Jessica (D:3)
  A sleepcap (D:4)
  3 iguanas
  3 orc wizards (D:5)
  6 adders
  3 dart slugs
  4 orcs
  13 ball pythons
  7 endoplasms
  3 giant cockroaches
  8 goblins
  9 hobgoblins
  3 jackals (D:1)
  13 kobolds
  4 quokkas
  6 bats
  5 frilled lizards
  10 rats
115 creatures vanquished.

Notes
Turn   | Place    | Note
-------+----------+-------------------------------------------
     0 | D:1      | inmateoo the Coglin Necromancer began the quest for the
                  | Orb.
     0 | D:1      | Reached XP level 1. HP: 13/13 MP: 3/3
   106 | D:1      | Reached skill level 1 in Fighting
   215 | D:1      | Reached XP level 2. HP: 21/21 MP: 4/4
   319 | D:1      | Reached skill level 2 in Fighting
   414 | D:1      | Reached XP level 3. HP: 18/28 MP: 5/5
   621 | D:1      | Reached skill level 3 in Fighting
   996 | D:2      | Found Tavvodil's Book Shop.
  1198 | D:2      | Reached XP level 4. HP: 34/35 MP: 6/6
  1617 | D:3      | Reached skill level 4 in Fighting
  1793 | D:3      | Noticed Jessica
  1801 | D:3      | Killed Jessica
  1802 | D:3      | Reached XP level 5. HP: 24/43 MP: 7/7
  1996 | D:3      | Reached skill level 5 in Fighting
  2114 | D:3      | HP: 1/44 [iguana (2)]
  2865 | D:4      | Reached skill level 1 in Armour
  2865 | D:4      | Reached XP level 6. HP: 26/51 MP: 8/8
  3463 | D:4      | Found a shimmering blue altar of Sif Muna.
  3669 | D:5      | Entered Level 5 of the Dungeon
  3669 | D:5      | Found Faykom's Magic Scroll Shoppe.
  3672 | D:5      | Bought a scroll of identify for 24 gold pieces
  3672 | D:5      | Bought a scroll of identify for 24 gold pieces
  3672 | D:5      | Bought a scroll of enchant weapon for 90 gold pieces
  3672 | D:5      | Bought a scroll of teleportation for 36 gold pieces
  3686 | D:5      | Found Jintus's Magic Scroll Shop.
  4012 | D:5      | Found a staircase to the Ecumenical Temple.
  4017 | D:5      | Noticed a black bear
  4028 | D:5      | Killed a black bear
  4029 | D:5      | Reached XP level 7. HP: 50/57 MP: 9/9
  4047 | Temple   | Entered the Ecumenical Temple
  4057 | Temple   | Became a worshipper of Warmaster Okawaru
  4241 | D:5      | Found Tuananiv's Magic Scroll Shop.
  4274 | D:5      | Reached skill level 6 in Fighting
  4353 | D:5      | Reached * piety under Okawaru
  4354 | D:5      | Reached skill level 1 in Axes
  4542 | D:5      | Found Utzuss's Weapon Shoppe.
  4583 | D:5      | Found a stormy altar of Qazlal.
  4663 | D:5      | Found Nairud's Antique Armour Boutique.
  4886 | D:6      | Reached XP level 8. HP: 43/64 MP: 10/10
  5035 | D:6      | HP: 2/65 [ice beast (4)]
  5035 | D:6      | Slain by an ice beast

Illustrated notes

Levels and vault maps discovered:
D:1:      shiori_arrival_oz, layout_loops_ring, st_stairs_12,
          serial_bayou_lake_a
D:2:      layout_loops_ring, serial_shops, shop_fountains, minmay_misc_feat_iff
D:3:      layout_loops_ring, uniq_jessica
D:4:      layout_basic, nicolae_sif_muna_little_library, serial_curves,
          eino_curves_01, eino_curves_03, eino_curves_04
D:5:      minmay_inner_zag, layout_loops_ring, nicolae_qazlal_scattered_showers,
          minmay_temple_entry_glass, serial_shops, nicolae_inconvenience_store,
          nicolae_stop_n_shop_2, shop, shop, shop
D:6:      layout_basic, nicolae_grassy_gnolls, uniq_sigmund
Temple:   eino_temple_scatter_basement

Skill      XL: |  1  2  3  4  5  6  7 |
---------------+----------------------+-----
Fighting       | 1 2 3 4 5 6 |  6.3
Dodging        | 2 3 |  3.9
Armour         | 1 2 3 |  3.3
Axes           | 2 |  2.3
Stealth        | |  1.5
Spellcasting   | |  1.7
Necromancy     | |  4.0

Action                     |  1- 3 |  4- 6 |  7- 9 || total
---------------------------+-------+-------+-------++-------
  Melee: Club              |    99 |       |       ||    99
         Dagger            |    96 |   119 |       ||   215
         Whip              |    55 |    89 |       ||   144
         Short sword       |       |    56 |     9 ||    65
         Trident           |       |    38 |    88 ||   126
         War axe           |       |       |    68 ||    68
    Use: Scroll            |       |     5 |       ||     5
   Stab: Sleeping          |     2 |     5 |       ||     7
         Distracted        |       |     1 |       ||     1
 Armour: Leather armour    |   111 |    42 |       ||   153
         Robe              |     3 |       |       ||     3
         Ring mail         |       |    44 |    78 ||   122
  Dodge: Dodged            |   110 |    75 |    45 ||   230
         Repelled          |     1 |       |       ||     1

Table legend: (Time is in decaauts)
 A = Elapsed time spent in this place.
 B = Non-inter-level travel time spent in this place.
 C = Inter-level travel time spent in this place.
 D = Time resting spent in this place.
 E = Time spent auto-exploring this place.
 F = Levels seen in this place.
 G = Mean time per level.
                   A        B        C        D        E       F      G
               +--------+--------+--------+--------+--------+-----+--------+
         Total |   5109 |   4945 |    164 |   1249 |   2569 |   7 |  729.9 |
       Dungeon |   5087 |   4923 |    164 |   1249 |   2569 |   6 |  847.8 |
        Temple |     21 |     21 |      0 |      0 |      0 |   1 |   21.0 |
               +--------+--------+--------+--------+--------+-----+--------+

Top non-repeatable levels by time:
     D:3: 1457 daAuts
     D:5: 1155 daAuts
     D:1: 1015 daAuts
     D:4: 667 daAuts
     D:2: 573 daAuts
     D:6: 217 daAuts
  Temple: 21 daAuts
